 Dungeon Crawl Stone Soup version 0.29.1-15-g9cfb28693d (webtiles) character file.

Game seed: 11536500238188007771

6874 protoss039 the Digger (level 10, -2/77 HPs)
             Began as a Demonspawn Earth Elementalist on Mar 12, 2023.
             Was a Believer of Vehumet.
             Shot with a bolt by a tengu warrior (18 damage)
             ... on level 9 of the Dungeon.
             The game lasted 00:20:24 (8322 turns).

protoss039 the Digger (DsEE)                        Turns: 8322, Time: 00:20:25

Health: -2/77      AC: 13    Str: 11    XL:     10   Next: 78%
Magic:  9/20       EV: 11    Int: 30    God:    Vehumet [**....]
Gold:   750        SH:  0    Dex: 14    Spells: 9/22 levels left

rFire   . . .      SeeInvis .   e - +0 spear (venom)
rCold   + . .      Faith    .   (no shield)
rNeg    . . .      Spirit   .   I - +2 ring mail {Will+}
rPois   .          Reflect  .   Q - +0 hat of Meagutum {rC+ Str+2 Int+4 Stlth+}
rElec   .          Harm     .   (no cloak)
rCorr   .          Rampage  .   (no gloves)
Will    +....                   T - +1 pair of boots {Fly}
Stlth   +++.......              O - amulet of regeneration
HPRegen 3.02/turn               N - +6 ring of intelligence
MPRegen 0.17/turn               (no ring)

@: flying
A: molten scales 2, powered by death 2, spiny 2
a: Renounce Religion


You were on level 9 of the Dungeon.
You worshipped Vehumet.
Vehumet was pleased with you.
You visited 2 branches of the dungeon, and saw 10 of its levels.
You also visited: Bailey.

You collected 1168 gold pieces.
You spent 418 gold pieces at shops.

Inventory:

Hand Weapons
 e - a +0 spear of venom (weapon)
 f - a +4 short sword of protection
 l - a +0 dagger of distortion
 v - a +2 dagger of venom
Missiles
 k - 5 silver javelins
Armour
 I - a +2 ring mail of willpower (worn)
 Q - the +0 hat of Meagutum (worn) {rC+ Str+2 Int+4 Stlth+}
   (You bought it in a shop on level 6 of the Dungeon)

   Str:       It affects your strength (+2).
   Int:       It affects your intelligence (+4).
   rC:        It protects you from cold.
   Stlth:     It makes you more stealthy.
 T - a +1 pair of boots of flying (worn)
Magical Staves
 J - a staff of earth
Jewellery
 x - an amulet of magic regeneration
 y - a ring of protection from cold
 L - a ring of fire
 N - a +6 ring of intelligence (left hand)
 O - an amulet of regeneration (around neck)
 P - an amulet of reflection
Wands
 p - a wand of light (2)
 t - a wand of digging (7)
 G - a wand of flame (6)
 M - a wand of charming (5)
Scrolls
 c - 2 scrolls of immolation
 i - a scroll of enchant armour {unknown}
 m - 2 scrolls of poison
 q - a scroll of acquirement {unknown}
 s - 3 scrolls of amnesia {unknown}
 z - 4 scrolls of teleportation
 A - a scroll of identify
 B - 3 scrolls of blinking {unknown}
 D - a scroll of enchant weapon {unknown}
 H - a scroll of butterflies {unknown}
 K - 2 scrolls of vulnerability {unknown}
Potions
 a - 3 potions of brilliance
 b - a potion of magic
 d - 7 potions of heal wounds
 g - 10 potions of curing
 h - a potion of berserk rage {unknown}
 n - 3 potions of haste {unknown}
 o - a potion of resistance {unknown}
 u - 2 potions of lignification
 w - a potion of might
 E - 3 potions of mutation {unknown}
 R - 4 potions of flight
Miscellaneous
 S - a phial of floods


   Skills:
 + Level 6.9 Fighting
 - Level 6.0 Armour
 * Level 2.8 Dodging
 - Level 3.0 Stealth
 + Level 6.8 Spellcasting
 + Level 6.4 Conjurations
 * Level 2.2 Hexes
 * Level 2.7 Translocations
 - Level 1.0 Transmutations
 * Level 2.0 Fire Magic
 + Level 7.0 Earth Magic


You had 9 spell levels left.
You knew the following spells:

 Your Spells              Type           Power      Damage    Failure   Level
a - Sandblast             Erth           100%       2d20      1%          1
b - Passwall              Tmut/Erth      28%        N/A       3%          2
c - Stone Arrow           Conj/Erth      100%       3d13      1%          3
d - Iskenderun's Mystic   Conj/Tloc      37%        2d9       16%         4
e - Inner Flame           Hex/Fire       23%        N/A       13%         3

Your spell library contained the following spells:

 Spells                   Type           Power      Damage    Failure   Level
 Static Discharge         Conj/Air       29%        3-7/arc   4%          2
 Apportation              Tloc           52%        N/A       3%          1
 Dazzling Flash           Conj/Hex       72%        N/A       5%          3
 Necrotise                Necr           40%        1d6       11%         1
 Summon Small Mammal      Summ           40%        N/A       11%         1
 Poisonous Vapours        Pois/Air       20%        N/A       16%         2
 Petrify                  Tmut/Erth      34%        N/A       19%         4
 Ozocubu's Armour         Ice            10%        N/A       30%         3
 Cause Fear               Hex            11%        N/A       38%         4
 Corpse Rot               Necr/Pois/Air  10%        N/A       71%         4
 Metabolic Englaciation   Hex/Ice        8%         N/A       87%         5
 Starburst                Conj/Fire      17%        6d6       95%         6
 Simulacrum               Ice/Necr       5%         N/A       100%        6
 Discord                  Hex            11%        N/A       100%        8


Dungeon Overview and Level Annotations

Branches:
Dungeon (9/15) Zot: 26449  Temple (1/1) D:5 Zot: 5800    Lair (0/5) D:8
 Bailey (visited)
    Orc: D:9-12

Altars:
Ashenzari
Cheibriados
Dithmenos
Fedhas
Gozag
Hepliaklqana
Kikubaaqudgha
Makhleb
Nemelex Xobeh
Okawaru
Qazlal
Ru
Sif Muna
Trog
Uskayaw
Vehumet
Wu Jian
Xom
Yredelemnul

Shops:
D:1 *   D:5 ?   D:6 [![[[   D:8 [(

Annotations:
D:3 3 runed translucent doors, Ceigo's ghost, amateur DgFi


Innate Abilities, Weirdness & Mutations

You are mostly covered in molten scales. (AC +3)
You regenerate health from kills.
You are mostly covered in sharp spines.


Message History

Confirm with . or Enter, or press ? or * to list all spells.
Aiming: Sandblast (safe; 1% risk of failure)
Press: ? - help, Shift-Dir - straight line, f - orc wizard
Aim: an orc wizard, wielding a +0 dagger and wearing a +0 robe (moderately wounded, 82% to hit)
Okay, then.
Really read the scroll of immolation?
Okay, then.
Unknown command.
Really read the scroll of immolation?
As you read the scroll of immolation, it crumbles to dust.
The creatures around you are filled with an inner flame!
The gnoll is struck by your spines.
Flame seeps out of the gnoll.
The gnoll hits you with a +0 club.
The orc wizard is struck by your spines.
Vehumet accepts your kill.
You feel your power returning.
The orc wizard explodes!
The fiery explosion engulfs you!
The fiery explosion engulfs the gnoll!!
Vehumet accepts your kill.
You feel your power returning.
The gnoll explodes!
The fiery explosion engulfs you!!!
Ouch! That really hurt!
You hear an angry hiss.
You hear a shout!
You hear an angry buzzing noise.
Unknown command.
Unknown command.
Unknown command.
Unknown command.
Okay, then.
Unknown command.
Okay, then.
Okay, then.
You're wearing all the rings you can.
Remove which one? (? for menu, Esc to cancel) < or
N - a +6 ring of intelligence; > or
y - a ring of protection from cold You remove your ring of protection from cold.
You are engulfed in blazing flames.
* * * LOW HITPOINT WARNING * * *
The tengu warrior shoots a bolt.
The bolt hits you!!
You die...

#.###..##.###........##
....##...........§§§.#
##...#...#.....##§§..##
##.#.......#.....§§...#
...#.......#....#§##..#
#..........#..###§##.##
..#...###.##..##§§§###
..#....####§§§##§§##§##
......###§§§§§§§@§§o§§#
.#.......§§§#§§§§○#o§§#
.###.#.....##§§§§§§§oo§§.
.######...##§§##§§§§§§.#.
.#........###§ §§§§§Q§§§.
.......#...## §§§§§§§§##
.......###..#..§§§§§##§#
......## .....§§§§§§§ C#
.....####......


You could see a tengu warrior (inner flame), a cyclops (inner flame), an orc
warrior (inner flame), an orc priest (inner flame) and an orc (inner flame).

Vanquished Creatures
  Pikel (D:9)
  An orc knight (Bailey)
  A kobold demonologist (D:9)
  Grinder (D:3)
  A hornet (D:8)
  3 yaks (D:9)
  A wraith (D:9)
  A wyvern (D:8)
  A basilisk (D:8)
  A steam dragon (D:8)
  Eustachio (D:5)
  Grum (D:9)
  Edmund (D:5)
  5 water moccasins
  5 orc warriors (Bailey)
  A black bear (D:6)
  An ice beast (D:7)
  An ogre (D:5)
  2 centaurs (D:8)
  A wolf (D:9)
  A lemure (D:9)
  Blork the orc (D:4)
  A kobold brigand (D:7)
  5 scorpions
  2 necrophages
  9 wights
  4 howler monkeys
  5 hounds
  3 jellies
  3 orc priests
  Ijyb (D:3)
  2 gnoll boudas
  Jessica (D:2)
  Natasha (thrice) (D:2)
  An iguana (D:6)
  3 orc wizards
  Terence (D:3)
  17 gnolls
  7 adders
  2 white imps
  4 worms
  8 dart slugs
  13 orcs
  6 ball pythons
  A bat (D:3)
  6 endoplasms
  2 giant cockroaches
  7 goblins
  8 hobgoblins
  2 jackals (D:4)
  5 quokkas
  5 frilled lizards
  21 kobolds
  6 rats
197 creatures vanquished.

Vanquished Creatures (collateral kills)
  An elephant (D:8)
  A black bear (D:8)
  A lemure (D:9)
3 creatures vanquished.

Vanquished Creatures (others)
  A wolf (D:9)
1 creature vanquished.

Grand Total: 201 creatures vanquished

Notes
Turn   | Place    | Note
-------+----------+-------------------------------------------
     0 | D:1      | protoss039 the Demonspawn Earth Elementalist began the
                  | quest for the Orb.
     0 | D:1      | Reached XP level 1. HP: 13/13 MP: 3/3
   232 | D:1      | Gained mutation: You regenerate a little health from kills.
                  | [demonic ancestry]
   232 | D:1      | Reached XP level 2. HP: 6/20 MP: 0/5
   649 | D:1      | Found a faded altar of an unknown god.
   656 | D:1      | Found Hoopno's General Store.
   708 | D:1      | Reached skill level 1 in Fighting
   745 | D:1      | Reached skill level 3 in Earth Magic
   952 | D:1      | Learned a level 2 spell: Passwall
  1005 | D:2      | Noticed Jessica
  1018 | D:2      | Killed Jessica
  1019 | D:2      | Reached skill level 1 in Armour
  1019 | D:2      | Gained mutation: You are partially covered in sharp spines.
                  | [demonic ancestry]
  1019 | D:2      | Reached XP level 3. HP: 19/26 MP: 0/6
  1397 | D:2      | Found a shimmering blue altar of Sif Muna.
  1416 | D:2      | Noticed Natasha
  1422 | D:2      | Killed Natasha
  1423 | D:2      | Gained mutation: You are mostly covered in sharp spines.
                  | [demonic ancestry]
  1423 | D:2      | Reached XP level 4. HP: 10/32 MP: 1/7
  1722 | D:2      | Noticed Natasha
  1728 | D:2      | Killed Natasha
  1949 | D:2      | Noticed Natasha
  1953 | D:2      | Killed Natasha
  1954 | D:2      | Gained mutation: You are partially covered in molten
                  | scales. (AC +2) [demonic ancestry]
  1954 | D:2      | Reached XP level 5. HP: 35/38 MP: 5/9
  2126 | D:2      | Learned a level 3 spell: Stone Arrow
  2309 | D:3      | Noticed Ceigo's ghost (amateur DgFi)
  2311 | D:3      | Noticed Terence
  2321 | D:3      | Killed Terence
  2322 | D:3      | Reached skill level 1 in Conjurations
  2361 | D:3      | Reached XP level 6. HP: 46/46 MP: 8/10
  2479 | D:3      | Noticed Grinder
  2490 | D:3      | Paralysed by Grinder for 5 turns
  2512 | D:3      | Paralysed by Grinder for 3 turns
  2518 | D:3      | Paralysed by Grinder for 4 turns
  2519 | D:3      | Killed Grinder
  2656 | D:3      | Noticed Ijyb
  2661 | D:3      | Killed Ijyb
  2879 | D:3      | Found a runed translucent gate.
  2879 | D:3      | Found a runed translucent gate.
  2879 | D:3      | Found a runed translucent gate.
  3290 | D:4      | Reached skill level 4 in Earth Magic
  3293 | D:4      | Reached XP level 7. HP: 51/51 MP: 10/12
  3333 | D:4      | Noticed Blork the orc
  3343 | D:4      | Killed Blork the orc
  3785 | D:4      | Found a snail-covered altar of Cheibriados.
  3786 | D:4      | Found a sparkling altar of Nemelex Xobeh.
  3787 | D:4      | Found an ancient bone altar of Kikubaaqudgha.
  3788 | D:4      | Found a shimmering altar of Xom.
  4091 | D:5      | Entered Level 5 of the Dungeon
  4092 | D:5      | Noticed Eustachio
  4113 | D:5      | Killed Eustachio
  4165 | D:5      | Gained mutation: You regenerate health from kills. [demonic
                  | ancestry]
  4165 | D:5      | Reached XP level 8. HP: 59/59 MP: 14/14
  4192 | D:5      | Noticed Edmund
  4203 | D:5      | Reached skill level 5 in Armour
  4239 | D:5      | Found Foymov's Magic Scroll Emporium.
  4251 | D:5      | Bought a scroll of identify for 26 gold pieces
  4251 | D:5      | Bought a scroll of teleportation for 39 gold pieces
  4251 | D:5      | Bought a scroll of noise for 13 gold pieces
  4332 | D:5      | Killed Edmund
  4432 | D:5      | Found a staircase to the Ecumenical Temple.
  4448 | Temple   | Entered the Ecumenical Temple
  4639 | Temple   | Became a worshipper of Vehumet
  4860 | D:6      | Found Geviad's Distillery.
  4872 | D:6      | Reached skill level 5 in Earth Magic
  4877 | D:6      | Bought a potion of might for 56 gold pieces
  4877 | D:6      | Bought a potion of degeneration for 14 gold pieces
  4877 | D:6      | Bought a potion of lignification for 42 gold pieces
  4877 | D:6      | Bought a potion of curing for 42 gold pieces
  4877 | D:6      | Bought a potion of attraction for 42 gold pieces
  4942 | D:6      | Found Myt Alimp's Antique Armour Boutique.
  4966 | D:6      | Found Zourozxyga's Antique Armour Shoppe.
  5012 | D:6      | Found Vugheadu's Antique Armour Emporium.
  5148 | D:6      | Found Tykho's Antique Armour Shop.
  5195 | D:6      | Reached XP level 9. HP: 62/66 MP: 9/16
  5331 | D:6      | Reached skill level 5 in Spellcasting
  5564 | D:7      | Reached skill level 5 in Fighting
  5625 | D:7      | Reached * piety under Vehumet
  5625 | D:7      | Offered knowledge of Shock by Vehumet.
  6387 | D:8      | Found Amofos's Antique Armour Boutique.
  6413 | D:8      | Reached skill level 5 in Conjurations
  6435 | D:8      | Found Kyed Aremp's Weapon Shop.
  6468 | D:8      | Reached skill level 6 in Earth Magic
  6590 | D:8      | Found a hide-covered altar of Uskayaw.
  6590 | D:8      | Found a stormy altar of Qazlal.
  6620 | D:8      | Found a staircase to the Lair.
  6621 | D:8      | Noticed an elephant
  6630 | D:8      | Killed an elephant
  6945 | D:8      | Gained mutation: You are mostly covered in molten scales.
                  | (AC +3) [demonic ancestry]
  6945 | D:8      | Reached XP level 10. HP: 66/77 MP: 11/19
  7159 | D:8      | Learned a level 4 spell: Iskenderun's Mystic Blast
  7225 | D:6      | Bought a fading hat for 144 gold pieces
  7225 | D:6      | Identified the +0 hat of Meagutum {rC+ Str+2 Int+4 Stlth+}
                  | (You bought it in a shop on level 6 of the Dungeon)
  7341 | D:9      | Noticed Pikel
  7353 | D:9      | Killed Pikel
  7354 | D:9      | Reached skill level 1 in Translocations
  7381 | D:9      | Found a flagged portal.
  7453 | D:9      | Learned a level 3 spell: Inner Flame
  7454 | Bailey   | Entered a bailey
  7463 | Bailey   | Noticed an orc knight
  7502 | Bailey   | Reached ** piety under Vehumet
  7502 | Bailey   | Offered knowledge of Static Discharge by Vehumet.
  7528 | Bailey   | Reached skill level 1 in Transmutations
  7591 | Bailey   | Killed an orc knight
  7625 | Bailey   | Reached skill level 1 in Hexes
  7789 | Bailey   | Reached skill level 1 in Fire Magic
  7957 | D:9      | Reached skill level 7 in Earth Magic
  8083 | D:9      | Noticed Grum
  8097 | D:9      | Killed Grum
  8316 | D:9      | Noticed a tengu warrior
  8319 | D:9      | Noticed a cyclops
  8322 | D:9      | Shot with a bolt by a tengu warrior

Illustrated notes

Levels and vault maps discovered:
D:1:      dpeg_arrival_orchard, layout_rooms, serial_shops, shop,
          ebering_ecumenical_altar_petrified, chequers_serial_rivers_room_a,
          grunt_decor_one_mirror
D:2:      layout_rooms, basic_altar, minmay_misc_feat_tiny, uniq_natasha,
          uniq_jessica
D:3:      minmay_wonky_spiral, layout_loops_ring,
          nicolae_overflow_crystal_walls, gammafunk_ghost_icy, st_stairs_14,
          uniq_grinder, uniq_ijyb, uniq_terence
D:4:      nicolae_cairo_tiling, layout_cave_pools, tso_altar,
          mainiacjoe_overflow_alcove_3, uniq_blork_the_orc
D:5:      kennysheep_slugbush, layout_rooms, minmay_temple_entry_hall,
          serial_shops, nicolae_shop_trees, uniq_eustachio, uniq_edmund
D:6:      layout_basic, serial_shops, nicolae_stop_n_shop_2, shop,
          nicolae_lakefront_shop, shop_fountains, nicolae_diamond_shop,
          nicolae_elevator_lobby_plus
D:7:      layout_gridville, roderic_lattice_a
D:8:      layout_basic, gammafunk_temple_overflow_wave, david_lair_generic,
          serial_shops, shop, kennysheep_mini, kennysheep_nub
D:9:      layout_cave_pools, enter_bailey_4, minivault_28, uniq_grum, uniq_pikel
Temple:   eino_narrow_crystal_temple

Skill      XL: |  1  2  3  4  5  6  7  8  9 10 |
---------------+-------------------------------+-----
Fighting       | 1 2 3 4 6 |  6.9
Earth Magic    | 3 4 5 6 7 |  7.0
Armour         | 1 2 3 4 6 |  6.0
Spellcasting   | 3 4 6 |  6.8
Conjurations   | 1 2 4 5 6 |  6.4
Translocations | 2 |  2.7
Transmutations | 1 |  1.0
Dodging        | 2 |  2.8
Stealth        | 3 |  3.0
Hexes          | 2 |  2.2
Fire Magic     | 2 |  2.0

Action                   |  1- 3 |  4- 6 |  7- 9 | 10-12 || total
-------------------------+-------+-------+-------+-------++-------
Melee: Short sword       |     5 |    41 |       |       ||    46
       Spear             |    16 |     6 |       |       ||    22
       Dagger            |       |     2 |    51 |    38 ||    91
       Punch             |       |       |       |     2 ||     2
 Cast: Sandblast         |    33 |    35 |    50 |    19 ||   137
       Stone Arrow       |       |     1 |    74 |    51 ||   126
Evoke: Wand              |       |     1 |     1 |     4 ||     6
  Use: Scroll            |       |       |     3 |     3 ||     6
 Stab: Sleeping          |     1 |     4 |     2 |       ||     7
       Invisible         |       |     1 |       |       ||     1
Armor: Robe              |     1 |    20 |    17 |       ||    38
       Skin              |       |     1 |       |       ||     1
       Ring mail         |       |       |    20 |    23 ||    43
Dodge: Dodged            |    14 |    34 |    59 |    29 ||   136
